 Dungeon Crawl Stone Soup version 0.29.0-4-gdea44cf6ec (webtiles) character file.

Game seed: 3749850174845932802

1743 qw the Chopper (level 9, -3/54 HPs)
             Began as a Gargoyle Fighter on Sept 9, 2022.
             Killed from afar by a steam dragon (13 damage)
             ... with a ball of steam
             ... on level 6 of the Dungeon.
             The game lasted 00:02:46 (5656 turns).

qw the Chopper (Gargoyle Fighter)                   Turns: 5656, Time: 00:02:46

Health: -3/54      AC: 26    Str: 30    XL:     9   Next: 5%
Magic:  9/9        EV:  6    Int:  9    God:
Gold:   404        SH:  9    Dex:  9    Spells: 8/8 levels left

rFire   . . .      SeeInvis +   Y - +0 war axe (protect)
rCold   . . .      Faith    .   m - +0 kite shield
rNeg    + . .      Spirit   .   b - +0 plate armour
rPois   inf        Reflect  .   r - +0 helmet
rElec   +          Harm     .   (no cloak)
rCorr   .          Rampage  .   (no gloves)
Will    .....                   (no boots)
Stlth   ..........              (no amulet)
HPRegen 0.18/turn               j - ring of Etzut {Str+6 Stlth+}
MPRegen 0.11/turn               o - ring of see invisible

@: about to teleport, under a protective aura
A: sickness immunity, AC +6, negative energy resistance 1, electricity
resistance, torment resistance 1, petrification resistance
a: no special abilities


You were on level 6 of the Dungeon.
You visited 1 branch of the dungeon, and saw 6 of its levels.

You collected 404 gold pieces.


Innate Abilities, Weirdness & Mutations

You are immune to sickness and miasma.
Your stone body is resilient. (AC +6)
You are immune to poison.
You resist negative energy. (rN+)
You are resistant to electric shocks. (rElec)
You are resistant to unholy torment.
You are immune to petrification.


   Skills:
 - Level 5.5 Fighting
 + Level 7.8 Axes
 - Level 4.1 Armour
 - Level 1.0 Dodging
 - Level 7.2 Shields


You had 8 spell levels left.
You didn't know any spells.
Your spell library was empty.

Inventory:

Hand Weapons
 i - a +0 morningstar
 Y - a +0 war axe of protection (weapon)
Armour
 b - a +0 plate armour (worn)
 m - a +0 kite shield (worn)
 r - a +0 helmet (worn)
Jewellery
 c - a ring of protection from cold
 j - the ring of Etzut (left hand) {Str+6 Stlth+}
   (You found it on level 4 of the Dungeon)

   [ring of strength]

   Str:       It affects your strength (+6).
   Stlth:     It makes you more stealthy.
 o - a ring of see invisible (right hand)
 p - a ring of willpower
Scrolls
 a - 2 scrolls of identify
 f - 2 scrolls of teleportation
 h - a scroll of blinking
Potions
 d - 3 potions of might
 e - 2 potions of curing
 k - a potion of cancellation
 l - a potion of lignification

Dungeon Overview and Level Annotations

Branches:
Dungeon (6/15)
 Temple: D:4-7

Altars:
Elyvilon
Fedhas
Ru
Xom

Shops:
D:1 [


Message History

The electric eel shoots out a bolt of lightning at you!
The bolt of electricity hits you. You resist.
The electric eel shoots out a bolt of lightning at you!
The bolt of electricity hits you but does no damage.
You have reached level 9!
Your experience leads to an increase in your attributes!
Your base attributes are Str 22, Int 9, Dex 9.
Increase (S)trength, (I)ntelligence, or (D)exterity?
You feel stronger. x2
The electric eel shoots out a bolt of lightning at you!
The bolt of electricity hits you but does no damage.
A steam dragon comes into view.
The orc barely misses you.
You closely miss the orc. You block the orc's attack.
You barely miss the orc.
The electric eel shoots out a bolt of lightning at you!
The bolt of electricity hits you. You resist.
The orc hits you but does no damage.
You closely miss the orc. You block the orc's attack.
The steam dragon breathes steam at you. The ball of steam hits you.
You slash the orc!
Your weapon exudes an aura of protection.
You kill the orc!
You are engulfed in a cloud of scalding steam.
5654 ||| READING 3 scrolls of teleportation.
As you read the scroll of teleportation, it crumbles to dust.
You feel strangely unstable.
You are engulfed in a cloud of scalding steam.
You block the steam dragon's attack.
The steam dragon claws you but does no damage.
You closely miss the steam dragon.
The steam dragon bites you but does no damage.
You block the steam dragon's attack.
You hit the steam dragon but do no damage.
The steam dragon breathes steam at you. The ball of steam hits you!
You die...

#.# .######.#####
............#
..##........#
##.##........#
#####.¤##....#..##
####......##....##.##
#........¤..........#
#.@).###..####.#
#..[#D.#...#.# #.#
#.}.#..#.}.#.####'#+##
#...#S~#...#.........#
.~###~~~~###~.....))..#
...
~~~~~~~~~........)).
...
~~~~~~~~~........... .#
###~~~~###~..........
..#~~#...#..........


You could see a steam dragon (catching breath) and an electric eel.

Vanquished Creatures
  Sigmund (D:4)
  A steam dragon (D:6)
  2 black bears (D:5)
  3 ogres
  A phantom (D:4)
  A kobold brigand (D:6)
  2 necrophages
  2 scorpions
  4 crimson imps (D:3)
  3 hounds
  A jelly (D:4)
  A gnoll bouda (D:6)
  2 iguanas
  2 orc wizards (D:6)
  4 gnolls (D:6)
  11 adders
  A shadow imp (D:5)
  An ufetubus (D:5)
  3 worms
  2 dart slugs
  15 orcs
  10 endoplasms
  4 giant cockroaches
  3 goblins
  7 hobgoblins
  10 jackals
  2 quokkas (D:1)
  3 ball pythons
  6 bats
  2 frilled lizards (D:1)
  12 kobolds
  6 rats
128 creatures vanquished.

Vanquished Creatures (others)
  2 plants (D:3)
2 creatures vanquished.

Grand Total: 130 creatures vanquished

Notes
Turn   | Place    | Note
-------+----------+-------------------------------------------
     0 | D:1      | qw the Gargoyle Fighter began the quest for the Orb.
     0 | D:1      | Reached XP level 1. HP: 14/14 MP: 1/1
     0 | D:1      | 0 ||| qw: Version: 0.1-a-113-g051387a
     0 | D:1      | 0 ||| qw: Game counter: 6924
     0 | D:1      | 0 ||| qw: Always use a shield: true
     0 | D:1      | 0 ||| qw: God list: Okawaru
     0 | D:1      | 0 ||| qw: Allow faded altars: false
     0 | D:1      | 0 ||| qw: Do Orc after D:15 true
     0 | D:1      | 0 ||| qw: Do second Lair branch before Depths: true
     0 | D:1      | 0 ||| qw: Lair rune preference: random
     0 | D:1      | 0 ||| qw: Plans: Normal, Zot, God:TSO, Crypt, Tomb, Zig,
                  | Orb
     0 | D:1      | 0 ||| PLANNING D:1-11
   317 | D:1      | Found Ceolif's Antique Armour Boutique.
   318 | D:1      | 318 ||| Stepping ~*~*~tactically~*~*~ (stealth).
   322 | D:1      | 322 ||| Stepping ~*~*~tactically~*~*~ (stealth).
   325 | D:1      | Reached XP level 2. HP: 19/19 MP: 2/2
   337 | D:1      | 337 ||| Stepping ~*~*~tactically~*~*~ (stealth).
   361 | D:1      | 361 ||| Stepping ~*~*~tactically~*~*~ (stealth).
   464 | D:1      | 464 ||| SHOPLISTING chain mail (139 gold, have 42).
   464 | D:1      | 464 ||| SHOPLISTING pair of boots (139 gold, have 42).
   464 | D:1      | 464 ||| SHOPLISTING pair of runed gloves (232 gold, have
                  | 42).
   464 | D:1      | 464 ||| SHOPLISTING runed chain mail (232 gold, have 42).
   464 | D:1      | 464 ||| SHOPLISTING shiny ring mail (217 gold, have 42).
   500 | D:1      | Found a faded altar of an unknown god.
   593 | D:1      | 593 ||| Stepping ~*~*~tactically~*~*~ (stealth).
   617 | D:1      | Reached skill level 3 in Axes
   729 | D:1      | 729 ||| Stepping ~*~*~tactically~*~*~ (stealth).
   734 | D:1      | Reached XP level 3. HP: 21/23 MP: 3/3
  1136 | D:1      | 1136 ||| READING 2 scrolls labelled OGOLYELE DOAQUWE.
  1137 | D:1      | 1137 ||| READING scroll labelled UDUNEOPNIW.
  1138 | D:1      | 1138 ||| READING 2 scrolls labelled GOCITE ZOST.
  1139 | D:1      | 1139 ||| READING scroll labelled ONNOVA PIRATH.
  1144 | D:1      | 1144 ||| READING scroll labelled OMUROJ REEXEZA.
  1284 | D:2      | 1284 ||| DROPPING +0 club.
  1367 | D:2      | 1367 ||| Stepping ~*~*~tactically~*~*~ (hiding).
  1368 | D:2      | 1368 ||| Stepping ~*~*~tactically~*~*~ (hiding).
  1381 | D:2      | Reached XP level 4. HP: 23/28 MP: 4/4
  1493 | D:2      | 1493 ||| Stepping ~*~*~tactically~*~*~ (stealth).
  1702 | D:2      | 1702 ||| UPGRADING to ring of willpower.
  1703 | D:2      | 1703 ||| READING scroll labelled PAECUFF XEUHEO.
  1704 | D:2      | 1704 ||| READING scroll labelled SAROLIUXESS LUAHI.
  1705 | D:2      | 1705 ||| READING 2 scrolls of identify.
  1705 | D:2      | 1705 ||| IDENTIFYING ruby potion
  1754 | D:3      | Found a white marble altar of Elyvilon.
  1831 | D:3      | Found a blossoming altar of Fedhas.
  2046 | D:3      | 2046 ||| Stepping ~*~*~tactically~*~*~ (water).
  2116 | D:3      | Reached XP level 5. HP: 32/32 MP: 5/5
  2423 | D:3      | Found a sacrificial altar of Ru.
  2488 | D:3      | Found a shimmering altar of Xom.
  2499 | D:3      | 2499 ||| Stepping ~*~*~tactically~*~*~ (hiding).
  2514 | D:3      | 2514 ||| Stepping ~*~*~tactically~*~*~ (hiding).
  2525 | D:3      | Reached XP level 6. HP: 32/38 MP: 6/6
  3021 | D:3      | 3021 ||| UPGRADING to +0 chain mail.
  3031 | D:3      | 3031 ||| DROPPING +0 scale mail.
  3032 | D:3      | 3032 ||| UPGRADING to ring of see invisible.
  3033 | D:3      | 3033 ||| READING scroll labelled GINACI BUSIOMU.
  3034 | D:3      | 3034 ||| DRINKING 2 fuming golden potions.
  3035 | D:3      | 3035 ||| READING 3 scrolls of identify.
  3035 | D:3      | 3035 ||| IDENTIFYING murky orange potion
  3036 | D:3      | 3036 ||| READING 2 scrolls of identify.
  3036 | D:3      | 3036 ||| IDENTIFYING white potion
  3037 | D:3      | 3037 ||| DROPPING potion of invisibility.
  3144 | D:4      | 3144 ||| Stepping ~*~*~tactically~*~*~ (stealth).
  3145 | D:4      | 3145 ||| Stepping ~*~*~tactically~*~*~ (stealth).
  3147 | D:4      | 3147 ||| Stepping ~*~*~tactically~*~*~ (stealth).
  3230 | D:4      | Identified the ring of Etzut {Str+6 Stlth+}
  3251 | D:4      | Reached skill level 6 in Axes
  3314 | D:4      | 3314 ||| Stepping ~*~*~tactically~*~*~ (stealth).
  3327 | D:4      | Reached XP level 7. HP: 43/43 MP: 7/7
  3328 | D:4      | 3328 ||| Stepping ~*~*~tactically~*~*~ (stealth).
  3489 | D:4      | Reached skill level 1 in Dodging
  3551 | D:4      | 3551 ||| DROPPING +0 whip.
  3554 | D:4      | 3554 ||| DROPPING +0 flail.
  3644 | D:4      | 3644 ||| Stepping ~*~*~tactically~*~*~ (stealth).
  3744 | D:4      | Noticed Sigmund
  3758 | D:4      | Killed Sigmund
  3980 | D:4      | 3980 ||| UPGRADING to +0 plate armour.
  3990 | D:4      | 3990 ||| DROPPING +0 chain mail.
  3991 | D:4      | 3991 ||| UPGRADING to +0 kite shield.
  4001 | D:4      | 4001 ||| DROPPING +0 buckler.
  4002 | D:4      | 4002 ||| UPGRADING to +0 helmet.
  4007 | D:4      | 4007 ||| UPGRADING to ring of Etzut {Str+6 Stlth+}.
  4009 | D:4      | 4009 ||| READING scroll labelled TOCZAEC XAREZ.
  4010 | D:4      | 4010 ||| READING scroll labelled FECKISU YCI.
  4037 | D:5      | Entered Level 5 of the Dungeon
  4255 | D:5      | Reached XP level 8. HP: 48/48 MP: 8/8
  4395 | D:5      | 4395 ||| Stepping ~*~*~tactically~*~*~ (hiding).
  4744 | D:5      | Reached skill level 6 in Shields
  5115 | D:5      | 5115 ||| DROPPING +6 ring of intelligence.
  5138 | D:6      | 5138 ||| Stepping ~*~*~tactically~*~*~ (stealth).
  5173 | D:6      | 5173 ||| Stepping ~*~*~tactically~*~*~ (stealth).
  5254 | D:6      | 5254 ||| FLEEEEING.
  5333 | D:6      | 5333 ||| Stepping ~*~*~tactically~*~*~ (stealth).
  5361 | D:6      | HP: 8/50 [gnoll/+0 halberd[a gnoll bouda] (7)]
  5362 | D:6      | 5362 ||| READING 4 scrolls of teleportation.
  5639 | D:6      | 5639 ||| Stepping ~*~*~tactically~*~*~ (hiding).
  5649 | D:6      | Reached XP level 9. HP: 25/54 MP: 9/9
  5653 | D:6      | HP: 10/54 [steam dragon] (8)]
  5654 | D:6      | 5654 ||| READING 3 scrolls of teleportation.
  5656 | D:6      | Killed from afar by a steam dragon

Levels and vault maps discovered:
D:1:      onia_arrival_pyramid, layout_basic,
          shapermc_ecumenical_altar_starsandcircs, serial_shops,
          nicolae_shop_stone, minmay_tetromino_i2
D:2:      layout_rooms
D:3:      layout_loops_corners, marbit_many_paths, mainiacjoe_overflow_paths,
          led_xom_imps, mainiacjoe_overflow_alcove_4, serial_bayou,
          serial_bayou_crossing, serial_bayou_lagoon_a, serial_bayou_lake_a,
          serial_bayou_shore_a
D:4:      layout_cave_pools, kennysheep_dice, uniq_sigmund
D:5:      layout_basic
D:6:      layout_basic, fiery_altar_vehumet,
          nicolae_wu_jian_immortal_techniques, temple_hall, serial_shops,
          nicolae_shop_trees, dreamdust_wishing_well, fountainhead, uniq_grinder

Skill      XL: |  1  2  3  4  5  6  7  8 |
---------------+-------------------------+-----
Axes           | 2 3 4 5 6 7 |  7.8
Fighting       | 4 5 |  5.5
Dodging        | 1 |  1.0
Shields        | 4 7 |  7.2
Armour         | 4 |  4.1

Action                   |  1- 3 |  4- 6 |  7- 9 || total
-------------------------+-------+-------+-------++-------
Melee: War axe           |   103 |   149 |   255 ||   507
  Use: Scroll            |     5 |     6 |     4 ||    15
       Potion            |       |     1 |       ||     1
Armor: Scale mail        |    53 |    60 |       ||   113
       Chain mail        |       |    18 |    44 ||    62
       Plate armour      |       |       |   143 ||   143
Dodge: Dodged            |    48 |    61 |    71 ||   180
Block: Buckler           |    17 |    19 |    12 ||    48
       Kite shield       |       |       |   111 ||   111

Table legend:
 A = Non-vault XP
 B = Vault XP
 C = Vault XP percentage of total XP
 D = Non-vault monster count
 E = Vault monster count
 F = Vault count percentage of total count
                 A         B        C        D         E       F
            +---------+---------+-------+---------+---------+-------
      Total |    2048 |     442 |  17.8 |     116 |      12 |   9.4
            +---------+---------+-------+---------+---------+-------
        D:1 |      41 |       2 |   4.7 |      24 |       2 |   7.7
        D:2 |      61 |       0 |   0.0 |      12 |       0 |   0.0
        D:3 |      81 |     191 |  70.2 |      23 |       5 |  17.9
        D:4 |     382 |     249 |  39.5 |      21 |       5 |  19.2
        D:5 |     837 |       0 |   0.0 |      16 |       0 |   0.0
        D:6 |     646 |       0 |   0.0 |      20 |       0 |   0.0
            +---------+---------+-------+---------+---------+-------
